[ AOE2 MATCH · #513533138 ]
UnrankedGoths vs Wei
Player's team · WIN
Rival team · LOSS
[ REPLAY ANALYSIS · EXTRACTED FROM THE RECORDED GAME ]
Feudal
10:23
Castle
20:50
Imperial
48:24
| APM avg | 51.6 |
| APM peak | 93 |
| eAPM avg | 28.5 |
| Villagers / military | 233 / 323 |
Focus
⚔️ 30.5% · 🌾 69.5%
Spearman ×149 · Cavalry Archer ×128 · Huskarl ×13 · Knight ×9 · Archer ×8 · Militia ×7
Feudal
9:13
Castle
23:51
Imperial
—
| APM avg | 57.5 |
| APM peak | 106 |
| eAPM avg | 27.6 |
| Villagers / military | 168 / 89 |
Focus
⚔️ 36.4% · 🌾 63.6%
Unknown (1952) ×88 · Unknown (1949) ×84 · Skirmisher ×75 · Scout Cavalry ×10 · Unknown (1944) ×6 · Spearman ×3
Match map
Initial resources + every placement click. Lines = walls · curves = elevation contours. ◆ gold · ⬟ stone · ● berries · ✦ relic · ◌ wall gap
Your base· Open — unwalled flank
Wero's base· Open — unwalled flank
Smoothed initial terrain · ◌ = detected wall gap · hover for details
Inputs per minute
— Istoleyourratings - - Wero
Build order — Istoleyourratings
First 150 of 691 actions detected
| 0:00 | queue | Villager (Male) |
| 0:01 | queue | Villager (Male) |
| 0:01 | queue | Villager (Male) |
| 0:01 | queue | Villager (Male) |
| 0:03 | Build | House |
| 0:04 | Build | House |
| 1:26 | queue | Villager (Male) |
| 1:26 | queue | Villager (Male) |
| 1:47 | queue | Villager (Male) |
| 1:47 | queue | Villager (Male) |
| 1:48 | Research | Loom |
| 1:48 | Research | Loom |
| 1:53 | queue | Villager (Male) |
| 1:53 | queue | Villager (Male) |
| 2:32 | queue | Villager (Male) |
| 2:58 | queue | Villager (Male) |
| 3:10 | queue | Villager (Male) |
| 3:38 | Build | House |
| 3:46 | queue | Villager (Male) |
| 4:14 | queue | Villager (Male) |
| 4:36 | queue | Villager (Male) |
| 4:57 | Build | Barracks |
| 5:17 | queue | Villager (Male) |
| 5:18 | queue | Villager (Male) |
| 5:18 | queue | Villager (Male) |
| 5:39 | queue | Villager (Male) |
| 5:54 | queue | Militia |
| 5:54 | queue | Militia |
| 5:54 | queue | Militia |
| 5:54 | queue | Militia |
| 6:05 | Build | House |
| 6:19 | queue | Villager (Male) |
| 6:38 | queue | Militia |
| 6:38 | queue | Militia |
| 6:51 | queue | Villager (Male) |
| 7:17 | queue | Villager (Male) |
| 7:24 | Build | Lumber Camp |
| 8:10 | queue | Villager (Male) |
| 8:13 | Research | Feudal Age |
| 8:23 | queue | Militia |
| 8:47 | Build | Mining Camp |
| 9:24 | Build | House |
| 9:56 | Build | House |
| 10:10 | Build | Mill |
| 10:23 | Age | Feudal Age |
| 10:26 | Research | Man-at-Arms (upgrade) |
| 10:26 | Research | Man-at-Arms (upgrade) |
| 10:26 | Research | Double-Bit Axe |
| 10:27 | Research | Double-Bit Axe |
| 10:32 | Build | Archery Range |
| 10:33 | queue | Villager (Male) |
| 10:49 | queue | Villager (Male) |
| 11:14 | queue | Villager (Male) |
| 11:17 | Build | Farm |
| 11:18 | Build | Farm |
| 11:27 | queue | Villager (Male) |
| 11:37 | queue | Archer |
| 11:38 | queue | Archer |
| 12:05 | queue | Villager (Male) |
| 12:08 | Build | Farm |
| 12:33 | queue | Villager (Male) |
| 12:36 | Build | Farm |
| 12:39 | Build | Farm |
| 12:45 | Build | House |
| 12:47 | Build | House |
| 12:52 | queue | Spearman |
| 13:08 | queue | Spearman |
| 13:18 | Build | Farm |
| 13:18 | queue | Villager (Male) |
| 13:32 | queue | Archer |
| 13:45 | Build | Blacksmith |
| 13:51 | queue | Villager (Male) |
| 13:55 | Build | House |
| 13:58 | Build | Palisade Wall |
| 14:02 | queue | Archer |
| 14:10 | queue | Villager (Male) |
| 14:27 | queue | Spearman |
| 14:32 | queue | Villager (Male) |
| 14:39 | Research | Fletching |
| 14:39 | Research | Fletching |
| 14:42 | Build | Farm |
| 14:49 | queue | Villager (Male) |
| 14:52 | Build | Farm |
| 15:09 | queue | Archer |
| 15:22 | queue | Spearman |
| 15:40 | queue | Villager (Male) |
| 15:43 | Build | Farm |
| 16:13 | queue | Villager (Male) |
| 16:17 | Build | Stable |
| 16:52 | queue | Villager (Male) |
| 17:17 | queue | Scout Cavalry |
| 17:20 | Build | Farm |
| 17:25 | Build | Lumber Camp |
| 17:31 | queue | Archer |
| 17:31 | queue | Archer |
| 17:32 | queue | Villager (Male) |
| 18:10 | Research | Castle Age |
| 18:10 | Research | Castle Age |
| 18:13 | Build | Farm |
| 18:17 | Build | Farm |
| 18:20 | Build | House |
| 18:21 | Build | House |
| 18:28 | queue | Archer |
| 18:58 | queue | Scout Cavalry |
| 19:39 | queue | Villager (Male) |
| 19:40 | queue | Scout Cavalry |
| 19:51 | Build | Farm |
| 20:31 | queue | Villager (Male) |
| 20:50 | Age | Castle Age |
| 20:59 | Build | Town Center |
| 21:07 | Build | Archery Range |
| 21:12 | Research | Gold Mining |
| 21:14 | Build | Farm |
| 21:20 | queue | Villager (Male) |
| 21:23 | Research | Husbandry |
| 21:28 | Research | Bloodlines |
| 21:28 | Research | Bloodlines |
| 21:30 | queue | Villager (Male) |
| 21:32 | Build | Farm |
| 21:39 | Build | Archery Range |
| 21:46 | queue | Villager (Male) |
| 22:08 | queue | Cavalry Archer |
| 22:09 | queue | Cavalry Archer |
| 22:09 | queue | Cavalry Archer |
| 22:17 | Research | Husbandry |
| 22:26 | queue | Cavalry Archer |
| 22:26 | queue | Cavalry Archer |
| 22:27 | queue | Cavalry Archer |
| 22:30 | Build | Farm |
| 22:30 | Build | Farm |
| 22:30 | Build | Farm |
| 22:57 | queue | Knight |
| 23:20 | queue | Knight |
| 23:30 | Build | Farm |
| 23:31 | Build | Farm |
| 23:31 | Build | Farm |
| 23:31 | Build | Farm |
| 23:35 | Build | Farm |
| 23:36 | queue | Villager (Male) |
| 23:36 | queue | Villager (Male) |
| 23:37 | queue | Cavalry Archer |
| 23:37 | queue | Cavalry Archer |
| 23:38 | queue | Cavalry Archer |
| 23:38 | queue | Cavalry Archer |
| 23:38 | queue | Cavalry Archer |
| 24:04 | queue | Cavalry Archer |
| 24:05 | queue | Cavalry Archer |
| 24:18 | queue | Knight |
| 24:18 | queue | Villager (Male) |
| 24:18 | queue | Villager (Male) |
Build order — Wero
First 150 of 683 actions detected
| 0:01 | queue | Villager (Male) |
| 0:01 | queue | Villager (Male) |
| 0:01 | queue | Villager (Male) |
| 0:02 | Build | House |
| 0:03 | Build | House |
| 0:06 | queue | Villager (Male) |
| 1:22 | queue | Villager (Male) |
| 1:50 | queue | Villager (Male) |
| 1:50 | queue | Villager (Male) |
| 2:00 | Build | Lumber Camp |
| 2:24 | queue | Villager (Male) |
| 2:24 | queue | Villager (Male) |
| 2:55 | queue | Villager (Male) |
| 2:55 | queue | Villager (Male) |
| 3:27 | Build | House |
| 3:35 | queue | Villager (Male) |
| 3:46 | queue | Villager (Male) |
| 4:16 | Build | House |
| 4:20 | queue | Villager (Male) |
| 4:38 | Build | Palisade Wall |
| 4:56 | queue | Villager (Male) |
| 4:56 | queue | Villager (Male) |
| 5:16 | queue | Villager (Male) |
| 5:16 | queue | Villager (Male) |
| 5:20 | queue | Villager (Male) |
| 5:27 | queue | Villager (Male) |
| 5:29 | queue | Villager (Male) |
| 5:46 | Build | Mill |
| 6:00 | Research | Loom |
| 6:57 | Research | Feudal Age |
| 7:30 | queue | Villager (Male) |
| 7:31 | queue | Villager (Male) |
| 8:12 | Build | Barracks |
| 8:47 | Build | House |
| 8:49 | Build | Palisade Wall |
| 9:03 | queue | Villager (Male) |
| 9:08 | Build | Palisade Wall |
| 9:10 | Build | Palisade Wall |
| 9:11 | Build | Palisade Wall |
| 9:13 | Age | Feudal Age |
| 9:22 | Build | Stable |
| 9:55 | Build | House |
| 10:04 | Build | House |
| 10:07 | Build | Palisade Wall |
| 10:08 | Research | Double-Bit Axe |
| 10:23 | queue | Scout Cavalry |
| 10:23 | queue | Scout Cavalry |
| 10:24 | queue | Scout Cavalry |
| 10:30 | Build | Palisade Wall |
| 10:32 | Build | Palisade Wall |
| 10:36 | Build | Palisade Wall |
| 10:37 | Build | Palisade Wall |
| 10:38 | Build | Palisade Wall |
| 10:40 | Build | House |
| 10:59 | queue | Scout Cavalry |
| 11:00 | queue | Scout Cavalry |
| 11:10 | Build | House |
| 11:16 | queue | Scout Cavalry |
| 11:37 | Build | Farm |
| 11:39 | Build | Farm |
| 11:40 | Build | Farm |
| 11:41 | queue | Villager (Male) |
| 11:54 | Build | Farm |
| 11:55 | queue | Villager (Male) |
| 12:02 | Build | Palisade Wall |
| 12:16 | Build | Farm |
| 12:21 | Build | Farm |
| 12:24 | Build | Farm |
| 12:36 | Build | Farm |
| 12:51 | queue | Villager (Male) |
| 12:53 | Build | Farm |
| 12:55 | Build | Farm |
| 13:18 | queue | Villager (Male) |
| 13:18 | queue | Villager (Male) |
| 13:26 | queue | Scout Cavalry |
| 13:26 | queue | Scout Cavalry |
| 13:35 | Build | Archery Range |
| 13:44 | queue | Villager (Male) |
| 14:03 | queue | Villager (Male) |
| 14:15 | Build | Farm |
| 14:17 | Build | House |
| 14:22 | queue | Skirmisher |
| 14:23 | queue | Skirmisher |
| 14:23 | queue | Skirmisher |
| 14:37 | Build | Farm |
| 14:50 | queue | Skirmisher |
| 14:57 | queue | Villager (Male) |
| 14:57 | queue | Villager (Male) |
| 15:00 | Build | House |
| 15:08 | Build | Farm |
| 15:28 | Build | Farm |
| 15:32 | queue | Skirmisher |
| 15:43 | Build | Farm |
| 15:47 | Build | House |
| 15:50 | Build | Watch Tower |
| 16:54 | queue | Villager (Male) |
| 16:54 | queue | Villager (Male) |
| 16:55 | queue | Villager (Male) |
| 16:59 | Build | Farm |
| 17:00 | queue | Villager (Male) |
| 17:26 | queue | Skirmisher |
| 17:26 | queue | Skirmisher |
| 17:31 | Build | Mining Camp |
| 17:45 | queue | Skirmisher |
| 17:53 | queue | Skirmisher |
| 17:53 | queue | Skirmisher |
| 18:12 | Build | Blacksmith |
| 18:19 | queue | Villager (Male) |
| 18:26 | queue | Skirmisher |
| 18:49 | queue | Villager (Male) |
| 18:57 | Build | House |
| 18:58 | Build | House |
| 19:01 | Research | Fletching |
| 19:10 | Build | House |
| 19:12 | Build | Palisade Wall |
| 19:15 | queue | Villager (Male) |
| 19:21 | Build | Archery Range |
| 20:08 | queue | Villager (Male) |
| 20:08 | queue | Villager (Male) |
| 20:09 | queue | Villager (Male) |
| 20:20 | Build | Archery Range |
| 20:24 | Research | Gold Mining |
| 20:34 | Build | House |
| 20:53 | Build | Farm |
| 20:54 | Build | Farm |
| 21:11 | Research | Castle Age |
| 21:16 | Build | Farm |
| 21:21 | Build | Stable |
| 21:22 | queue | Scout Cavalry |
| 21:22 | queue | Scout Cavalry |
| 21:29 | Build | Farm |
| 21:30 | queue | Spearman |
| 21:30 | queue | Spearman |
| 21:42 | Build | House |
| 21:43 | Build | Palisade Wall |
| 22:09 | Research | Bloodlines |
| 22:15 | queue | Skirmisher |
| 22:21 | Build | Farm |
| 22:27 | Build | Farm |
| 23:02 | Build | Farm |
| 23:11 | queue | Skirmisher |
| 23:11 | queue | Skirmisher |
| 23:20 | queue | Skirmisher |
| 23:29 | queue | Skirmisher |
| 23:31 | Build | House |
| 23:33 | Build | Farm |
| 23:49 | Build | Farm |
| 23:51 | Age | Castle Age |
| 23:54 | queue | Skirmisher |
| 23:54 | queue | Skirmisher |
Match timeline
| 4:38 | Wero · wall_segment Palisade Wall x2 |
| 4:57 | Istoleyourratings · first_building Barracks |
| 8:12 | Wero · first_building Barracks |
| 8:49 | Wero · wall_segment Palisade Wall x1 |
| 9:08 | Wero · wall_segment Palisade Wall x1 |
| 9:10 | Wero · wall_segment Palisade Wall x1 |
| 9:11 | Wero · wall_segment Palisade Wall x1 |
| 9:13 | Wero · age_up feudal |
| 9:22 | Wero · first_building Stable |
| 10:07 | Wero · wall_segment Palisade Wall x10 |
| 10:23 | Istoleyourratings · age_up feudal |
| 10:30 | Wero · wall_segment Palisade Wall x1 |
| 10:32 | Wero · wall_segment Palisade Wall x1 |
| 10:32 | Istoleyourratings · first_building Archery Range |
| 10:36 | Wero · wall_segment Palisade Wall x1 |
| 10:37 | Wero · wall_segment Palisade Wall x1 |
| 10:38 | Wero · wall_segment Palisade Wall x1 |
| 12:02 | Wero · wall_segment Palisade Wall x1 |
| 13:35 | Wero · first_building Archery Range |
| 13:58 | Istoleyourratings · wall_segment Palisade Wall x6 |
| 16:17 | Istoleyourratings · first_building Stable |
| 19:12 | Wero · wall_segment Palisade Wall x11 |
| 20:50 | Istoleyourratings · age_up castle |
| 21:43 | Wero · wall_segment Palisade Wall x1 |
| 23:51 | Wero · age_up castle |
| 30:10 | Wero · wall_segment Palisade Wall x4 |
| 35:12 | Istoleyourratings · wall_segment Palisade Wall x11 |
| 35:21 | Wero · first_market_buy 100 wood |
| 35:59 | Istoleyourratings · wall_segment Palisade Wall x8 |
| 36:00 | Istoleyourratings · wall_segment Palisade Wall x5 |
| 38:10 | Wero · wall_segment Palisade Wall x1 |
| 42:13 | Wero · first_building Castle |
| 44:03 | Istoleyourratings · first_building Castle |
| 44:08 | Wero · first_market_sell 100 stone |
| 48:24 | Istoleyourratings · age_up imperial |
| 52:30 | Istoleyourratings · first_market_sell 500 wood |
| 58:51 | Wero · resign |
[ AI ANALYSIS · 1 CREDIT ]
What really happened in this match?
Wolo.gg analyzes every decision: build order, eco, micro, common mistakes by bracket. Personalized analysis on WhatsApp or Discord in 30 seconds.
Civ guide
Goths
Perfil
Jugador #18203263